Chicoutimi Sagueneens vs Philadelphia Phantoms

Created - 6 mai 2020 at 18:51

Goals
1 2 3 T
Chicoutimi Sagueneens 0 1 1 2
Philadelphia Phantoms 2 1 0 3
Shots
1 2 3 T
Chicoutimi Sagueneens 12 11 11 34
Philadelphia Phantoms 15 9 8 32

1st period

1. Philadelphia Phantoms , T.J. Hensick 2 (German Rubtsov 3) at 13:23
2. Philadelphia Phantoms , Dale Weise 2 (Dryden Hunt 3, Lias Andersson 4) at 14:17

Penalties :
Zac Dalpe (PHA) for Fighting (Major) at 7:11, Alex Lintuniemi (SAG) for Fighting (Major) at 7:11, Dale Weise (PHA) for Hooking (Minor) at 10:20, John Marino (PHA) for Tripping (Minor) at 14:40

2nd period

3. Chicoutimi Sagueneens , Mike Vecchione 2 (Rocco Grimaldi 3, Brayden Burke 1) at 6:10
4. Philadelphia Phantoms , Joshua Ho-Sang 3 (Juuso Valimaki 3, Zac Dalpe 2) at 16:24

Penalties :
Lias Andersson (PHA) for Hooking (Minor) at 1:38, Brendan Perlini (PHA) for Fighting (Major) at 6:17, Libor Hajek (SAG) for Fighting (Major) at 6:17

3rd period

5. Chicoutimi Sagueneens , Dylan Gambrell 2 (Rocco Grimaldi 4) at 11:09

Penalties :
Scott Wilson (SAG) for Roughing (Minor) at 12:34

Goalie Stats

Marcus Hogberg (SAG), 29 saves from 32 shots - (0,906), L, 1-4-0, 59:00 minutes
Ilya Samsonov (PHA), 32 saves from 34 shots - (0,941), W, 4-0-1, 60:00 minutes

Players Stats for Chicoutimi Sagueneens

Player Name              G  A  P  +/- PIM S  H  SB GA TA FO     MP     PP MP  PK MP  
------------------------------------------------------------------------------------
Aleksi Saarela           0  0  0  -1  0   3  0  0  1  1  10/21  22:06   3:22   1:05 
Alex Lintuniemi          0  0  0  -1  5   1  2  1  0  1  0/0    21:25   2:29   1:08 
Brayden Burke            0  1  1   0  0   0  0  0  0  0  0/0     8:19   0:00   0:00 
Clark Bishop             0  0  0   0  0   1  0  0  0  0  1/2     9:47   0:04   0:24 
Dylan Gambrell           1  0  1   2  0   5  0  0  0  0  8/12   11:57   0:04   0:00 
Garnet Hathaway          0  0  0  -1  0   4  3  0  1  1  2/9    21:38   3:18   1:04 
Jacob de La Rose         0  0  0  -2  0   5  5  0  1  0  0/1    17:31   2:35   0:36 
Jacob Nilsson            0  0  0   0  0   1  0  0  0  0  0/0    20:28   2:13   0:51 
Jakub Zboril             0  0  0   0  0   0  2  2  0  1  0/0    22:53   2:45   0:51 
Jeff Taylor              0  0  0   0  0   1  2  0  0  0  0/0    17:42   0:49   0:00 
Jonathan Racine          0  0  0   0  0   0  1  1  1  0  0/0    16:53   0:18   0:00 
Josh Jooris              0  0  0   0  0   0  3  0  0  0  0/0     8:19   0:00   0:00 
Libor Hajek              0  0  0  -1  5   2  0  1  0  2  0/0    20:37   3:20   1:08 
Miikka Salomaki          0  0  0  -2  0   1  2  1  1  0  5/7    17:10   2:35   0:00 
Mike Vecchione           1  0  1   2  0   3  0  0  0  0  0/0     9:30   0:00   0:00 
Rocco Grimaldi           0  2  2   2  0   1  1  0  1  1  0/0    12:25   0:00   0:49 
Scott Wilson             0  0  0  -1  2   6  4  0  0  1  1/1    21:56   3:18   0:00 
Spencer Foo              0  0  0  -2  0   0  0  0  1  0  0/0    17:22   2:35   0:00 

Players Stats for Philadelphia Phantoms

Player Name              G  A  P  +/- PIM S  H  SB GA TA FO     MP     PP MP  PK MP  
------------------------------------------------------------------------------------
Brendan Perlini          0  0  0   1  5   1  2  1  2  0  0/2    12:48   1:14   0:00 
Chad Ruhwedel            0  0  0  -1  0   0  0  3  0  0  0/0    24:07   0:00   3:32 
Dakota Mermis            0  0  0   2  0   1  0  1  0  2  0/0    15:15   0:00   0:00 
Dale Weise               1  0  1   0  2   2  0  0  0  0  0/1    18:06   0:13   1:46 
Dennis Cholowski         0  0  0   0  0   0  1  0  0  0  0/0    18:06   0:45   1:12 
Dryden Hunt              0  1  1   0  0   4  2  0  1  0  0/0    10:56   0:00   0:57 
German Rubtsov           0  1  1   0  0   5  0  1  0  1  4/7    16:54   0:46   0:31 
Jake Bean                0  0  0   0  0   0  2  3  0  1  0/0    19:10   0:45   2:28 
Joey Anderson            0  0  0   0  0   0  0  0  0  0  0/0     0:56   0:00   0:00 
John Marino              0  0  0  -1  2   0  3  2  1  0  0/0    24:30   1:14   2:25 
Joshua Ho-Sang           1  0  1   1  0   3  0  1  3  1  1/2    23:44   1:00   2:39 
Juuso Valimaki           0  1  1   2  0   2  0  3  0  1  0/0    17:38   0:00   2:17 
Lias Andersson           0  1  1   0  2   2  0  0  1  0  3/7    11:04   0:00   1:52 
Max Veronneau            0  0  0   0  0   2  1  0  0  0  0/0    13:54   0:00   0:00 
T.J. Hensick             1  0  1   0  0   5  3  0  0  1  1/1    19:30   1:00   2:35 
Tanner Kero              0  0  0   0  0   3  2  0  0  0  5/12   15:48   0:59   0:00 
Warren Foegele           0  0  0   0  0   1  1  1  0  0  0/0    17:07   0:59   1:19 
Zac Dalpe                0  1  1   1  5   1  0  0  0  0  12/21  14:25   1:00   0:16 

3 Stars

1 - Rocco Grimaldi (SAG)
2 - Ilya Samsonov (PHA)
3 - T.J. Hensick (PHA)

Power Play

Chicoutimi Sagueneens - 0 on 4 Attempt(s) - 0,00%
Philadelphia Phantoms - 0 on 1 Attempt(s) - 0,00%

Penalty Kill

Chicoutimi Sagueneens - 1 on 1 Attempt(s) - 100,00% - Score 0 goal in Penalty Kill
Philadelphia Phantoms - 4 on 4 Attempt(s) - 100,00% - Score 0 goal in Penalty Kill

Team Stat

Chicoutimi Sagueneens - Hits : 25 - Faceoff Wins : 27 - Blocked Shots : 6 - Penalty Minutes : 12
Philadelphia Phantoms - Hits : 17 - Faceoff Wins : 26 - Blocked Shots : 16 - Penalty Minutes : 16

Official

Referees : Kevin Pollock and Steve Kozari
Linesman : Steve Barton and Scott Cherrey

Game Notes

Joey Anderson is injured at 3:29 of 1st period (Sprained Left Finger)
Zac Dalpe beats up Alex Lintuniemi at 7:11 of 1st period
18:51 of 1st period - Penalty Shot by Chad Ruhwedel for Philadelphia Phantoms - Shot Misses the Net
Libor Hajek beats up Brendan Perlini at 6:17 of 2nd period

Finance

Level 1 -- Attendance: 1799 (89,95%) -- Ticket Income 62 965 $
Level 2 -- Attendance: 922 (92,20%) -- Ticket Income 13 830 $
Total Attendance: 2721 (90,70%)
Total Ticket Income: 76 795 $
Other Income: 37 630 $
Total Income: 114 425 $

Chicoutimi Sagueneens

5 vs 5 Forward 
   Center                   Left Wing                Right Wing               Time % Phy DF OF 
 1 Aleksi Saarela           Garnet Hathaway          Scott Wilson             38     1   2  2  
 2 Miikka Salomaki          Jacob de La Rose         Spencer Foo              30     0   2  3  
 3 Dylan Gambrell           Rocco Grimaldi           Mike Vecchione           20     1   2  2  
 4 Clark Bishop             Josh Jooris              Brayden Burke            12     1   2  2  

5 vs 5 Defense 
   Defense                  Defense                                           Time % Phy DF OF 
 1 Libor Hajek              Alex Lintuniemi                                   37     1   2  2  
 2 Jakub Zboril             Jacob Nilsson                                     32     1   2  2  
 3 Jeff Taylor              Jonathan Racine                                   23     1   2  2  
 4 Jakub Zboril             Alex Lintuniemi                                   8      1   2  2  

PowerPlay Forward 
   Center                   Left Wing                Right Wing               Time % Phy DF OF 
 1 Garnet Hathaway          Aleksi Saarela           Scott Wilson             60     0   2  3  
 2 Jacob de La Rose         Miikka Salomaki          Spencer Foo              40     0   2  3  

PowerPlay Defense
   Defense                  Defense                                           Time % Phy DF OF 
 1 Libor Hajek              Alex Lintuniemi                                   60     1   2  2  
 2 Jakub Zboril             Jacob Nilsson                                     40     1   2  2  

Penalty Kill 4 Players Forward 
   Center                   Wing                     Time % Phy DF OF 
 1 Garnet Hathaway          Aleksi Saarela           60     1   2  2  
 2 Jacob de La Rose         Scott Wilson             40     1   2  2  

Penalty Kill 4 Players Defense
   Defense                  Defense                  Time % Phy DF OF 
 1 Libor Hajek              Alex Lintuniemi          60     1   2  2  
 2 Jakub Zboril             Jacob Nilsson            40     1   2  2  

Penalty Kill - 3 Players Forward 
   Forward                                           Time % Phy DF OF 
 1 Garnet Hathaway                                   60     1   2  2  
 2 Aleksi Saarela                                    40     1   2  2  

Penalty Kill - 3 Players Defense
   Defense                  Defense                  Time % Phy DF OF 
 1 Libor Hajek              Alex Lintuniemi          60     1   2  2  
 2 Jakub Zboril             Jacob Nilsson            40     1   2  2  

4 vs 4 Forward 
   Center                   Wing                     Time % Phy DF OF 
 1 Garnet Hathaway          Aleksi Saarela           60     1   2  2  
 2 Jacob de La Rose         Scott Wilson             40     1   2  2  

4 vs 4 Defense
   Defense                  Defense                  Time % Phy DF OF 
 1 Libor Hajek              Alex Lintuniemi          60     1   2  2  
 2 Jakub Zboril             Jacob Nilsson            40     1   2  2  

Last Minutes Offensive
   Center                   Left Wing                Right Wing               Defense                  Defense                  
   Garnet Hathaway          Aleksi Saarela           Scott Wilson             Libor Hajek              Alex Lintuniemi          

Last Minutes Defensive
   Center                   Left Wing                Right Wing               Defense                  Defense                  
   Garnet Hathaway          Aleksi Saarela           Scott Wilson             Libor Hajek              Alex Lintuniemi          

Goaltenders
Starting : Marcus Hogberg           
Backup : Anthony Stolarz          

Extra Forwards
Normal : Clark Bishop, Dylan Gambrell, Rocco Grimaldi - PP : Clark Bishop, Dylan Gambrell - PK : Rocco Grimaldi
Extra Defensemen
Normal : Jeff Taylor, Jonathan Racine, Jakub Zboril - PP : Jeff Taylor - PK : Jonathan Racine, Jakub Zboril
Penalty Shots
Garnet Hathaway, Aleksi Saarela, Jacob de La Rose, Scott Wilson, Dylan Gambrell

Scratches
Samuel Laberge (Healthy), Jonathan Ang (Healthy), Ludwig Bystrom (Healthy), Nolan Stevens (Healthy), Maxim Letunov (Healthy)
Braden Christoffer (Healthy), Zach Frye (Healthy), Corey Tropp (Healthy), Pascal Laberge (Healthy), Aaron Dell (Healthy)
Ville Husso (Healthy), Adin Hill (Healthy)

Philadelphia Phantoms

5 vs 5 Forward 
   Center                   Left Wing                Right Wing               Time % Phy DF OF 
 1 Zac Dalpe                Joshua Ho-Sang           Brendan Perlini          32     0   2  3  
 2 Tanner Kero              Warren Foegele           Joey Anderson            28     0   2  3  
 3 German Rubtsov           Max Veronneau            T.J. Hensick             26     0   2  3  
 4 Lias Andersson           Dale Weise               Dryden Hunt              14     0   2  3  

5 vs 5 Defense 
   Defense                  Defense                                           Time % Phy DF OF 
 1 Chad Ruhwedel            John Marino                                       38     1   3  1  
 2 Jake Bean                Dennis Cholowski                                  32     1   3  1  
 3 Juuso Valimaki           Dakota Mermis                                     30     1   3  1  
 4 Dennis Cholowski         John Marino                                       0      0   2  3  

PowerPlay Forward 
   Center                   Left Wing                Right Wing               Time % Phy DF OF 
 1 Zac Dalpe                Joshua Ho-Sang           T.J. Hensick             60     0   1  4  
 2 Tanner Kero              Warren Foegele           Joey Anderson            40     0   1  4  

PowerPlay Defense
   Defense                  Defense                                           Time % Phy DF OF 
 1 John Marino              Brendan Perlini                                   60     0   2  3  
 2 Jake Bean                Dennis Cholowski                                  40     0   2  3  

Penalty Kill 4 Players Forward 
   Center                   Wing                     Time % Phy DF OF 
 1 Joey Anderson            Dale Weise               60     0   5  0  
 2 Lias Andersson           Warren Foegele           40     0   5  0  

Penalty Kill 4 Players Defense
   Defense                  Defense                  Time % Phy DF OF 
 1 Chad Ruhwedel            John Marino              60     0   5  0  
 2 Jake Bean                Juuso Valimaki           40     0   5  0  

Penalty Kill - 3 Players Forward 
   Forward                                           Time % Phy DF OF 
 1 Dale Weise                                        60     0   5  0  
 2 Joey Anderson                                     40     0   5  0  

Penalty Kill - 3 Players Defense
   Defense                  Defense                  Time % Phy DF OF 
 1 Chad Ruhwedel            John Marino              60     0   5  0  
 2 Jake Bean                Juuso Valimaki           40     0   5  0  

4 vs 4 Forward 
   Center                   Wing                     Time % Phy DF OF 
 1 Zac Dalpe                Joshua Ho-Sang           60     0   2  3  
 2 T.J. Hensick             Brendan Perlini          40     0   2  3  

4 vs 4 Defense
   Defense                  Defense                  Time % Phy DF OF 
 1 Dennis Cholowski         John Marino              60     0   2  3  
 2 Jake Bean                Juuso Valimaki           40     0   2  3  

Last Minutes Offensive
   Center                   Left Wing                Right Wing               Defense                  Defense                  
   Zac Dalpe                T.J. Hensick             Joshua Ho-Sang           Dennis Cholowski         John Marino              

Last Minutes Defensive
   Center                   Left Wing                Right Wing               Defense                  Defense                  
   Zac Dalpe                Warren Foegele           Joey Anderson            Chad Ruhwedel            John Marino              

Goaltenders
Starting : Ilya Samsonov            
Backup : Tristan Jarry            

Extra Forwards
Normal : Joshua Ho-Sang, Joey Anderson, Dale Weise - PP : German Rubtsov, Dale Weise - PK : Lias Andersson
Extra Defensemen
Normal : Chad Ruhwedel, Dennis Cholowski, Jake Bean - PP : Chad Ruhwedel - PK : Dennis Cholowski, Jake Bean
Penalty Shots
T.J. Hensick, Zac Dalpe, German Rubtsov, Dryden Hunt, Jake Bean

Scratches
A.J. Greer (Healthy), Givani Smith (Healthy), Dean Kukan (Healthy), Jon Martin (Healthy), Dennis Yan (Healthy)
Ty Lewis (Healthy), Oscar Dansk (Healthy), Alex Lyon (Healthy), Connor LaCouvee (Healthy), Hunter Miska (Healthy)
Kevin Lankinen (Healthy)

% Time on Ice - Chicoutimi Sagueneens

Lines # - Real PCT - Wanted PCT - Time Play
Normal Forward
1 - 34% - 38% - 17:11
2 - 31% - 30% - 15:54
3 - 19% - 20% - 9:27
4 - 16% - 12% - 8:19
Normal Defense
1 - 37% - 37% - 19:02
2 - 32% - 32% - 16:06
3 - 27% - 23% - 13:36
4 - 4% - 8% - 2:07
PP Forward
1 - 57% - 60% - 3:22
2 - 43% - 40% - 2:35
PP Defense
1 - 64% - 60% - 3:49
2 - 36% - 40% - 2:08
PK Forward
1 - 92% - 60% - 1:49
2 - 8% - 40% - 0:10
PK Defense
1 - 57% - 60% - 1:08
2 - 43% - 40% - 0:51
PK3 Forward
1 - 0% - 60%
2 - 0% - 40%
PK3 Defense
1 - 0% - 60%
2 - 0% - 40%
44 Forward
1 - 0% - 60%
2 - 0% - 40%
44 Defense
1 - 0% - 60%
2 - 0% - 40%
Last Minute Offensive  - 1:13
Last Minute Defensive  - 0:00
Total
Forward - 60:00
Defense - 60:00

% Time on Ice - Philadelphia Phantoms

Lines # - Real PCT - Wanted PCT - Time Play
Normal Forward
1 - 24% - 32% - 12:05
2 - 34% - 28% - 17:09
3 - 27% - 26% - 13:54
4 - 15% - 14% - 7:43
Normal Defense
1 - 38% - 38% - 19:23
2 - 31% - 32% - 15:57
3 - 30% - 30% - 15:15
4 - 1% - 0% - 0:16
PP Forward
1 - 50% - 60% - 1:00
2 - 50% - 40% - 0:59
PP Defense
1 - 62% - 60% - 1:14
2 - 38% - 40% - 0:45
PK Forward
1 - 82% - 60% - 4:54
2 - 18% - 40% - 1:03
PK Defense
1 - 68% - 60% - 4:03
2 - 32% - 40% - 1:54
PK3 Forward
1 - 0% - 60%
2 - 0% - 40%
PK3 Defense
1 - 0% - 60%
2 - 0% - 40%
44 Forward
1 - 0% - 60%
2 - 0% - 40%
44 Defense
1 - 0% - 60%
2 - 0% - 40%
Last Minute Offensive  - 0:00
Last Minute Defensive  - 1:13
Total
Forward - 60:00
Defense - 60:00

Play-by-Play

1st period


0:01 of 1st period - Zac Dalpe wins face-off versus Aleksi Saarela in neutral zone.
0:54 of 1st period - Wrist shot by German Rubtsov.
0:54 of 1st period - Deflect By Dylan Gambrell.
0:54 of 1st period - Stopped by Marcus Hogberg with a rebound.
1:04 of 1st period - Snap shot by Rocco Grimaldi.
1:04 of 1st period - Shot Misses the Net.
1:10 of 1st period - Snap shot by Lias Andersson.
1:10 of 1st period - Stopped by Marcus Hogberg with a rebound.
1:12 of 1st period - Slapshot by Jake Bean.
1:12 of 1st period - Shot Misses the Net.
1:14 of 1st period - Wrist shot by Dale Weise.
1:14 of 1st period - Deflect By Dryden Hunt.
1:14 of 1st period - Stopped by Marcus Hogberg with a rebound.
2:49 of 1st period - John Marino is hit by Scott Wilson and loses puck.
3:08 of 1st period - John Marino is hit by Miikka Salomaki and loses puck.
3:15 of 1st period - Spencer Foo is hit by T.J. Hensick and loses puck.
3:28 of 1st period - Joey Anderson is hit by Jeff Taylor.
3:29 of 1st period - Joey Anderson from Philadelphia Phantoms is injured at 3:29 of 1st period (Sprained Left Finger).
3:30 of 1st period - Aleksi Saarela wins face-off versus Zac Dalpe in Philadelphia Phantoms zone.
3:43 of 1st period - Snap shot by Aleksi Saarela.
3:43 of 1st period - Shot Blocked by Dakota Mermis.
3:45 of 1st period - Slapshot by Scott Wilson.
3:45 of 1st period - Stopped by Ilya Samsonov with a rebound.
3:59 of 1st period - Off-side.
4:00 of 1st period - Dylan Gambrell wins face-off versus Tanner Kero in neutral zone.
4:42 of 1st period - Garnet Hathaway is hit by T.J. Hensick and loses puck.
5:17 of 1st period - Wrist shot by Tanner Kero.
5:17 of 1st period - Shot Misses the Net.
5:19 of 1st period - Slapshot by Tanner Kero.
5:19 of 1st period - Stopped by Marcus Hogberg with a rebound.
5:31 of 1st period - Zac Dalpe is hit by Rocco Grimaldi and loses puck.
6:12 of 1st period - Slapshot by Tanner Kero.
6:12 of 1st period - Stopped by Marcus Hogberg without a rebound.
6:13 of 1st period - Miikka Salomaki wins face-off versus Tanner Kero in Chicoutimi Sagueneens zone.
6:20 of 1st period - Backhand shot by Spencer Foo.
6:20 of 1st period - Shot Misses the Net.
6:36 of 1st period - Dale Weise is hit by Jacob de La Rose and loses puck.
6:45 of 1st period - Jakub Zboril is hit by Tanner Kero and loses puck.
7:02 of 1st period - Wrist shot by Tanner Kero.
7:02 of 1st period - Stopped by Marcus Hogberg with a rebound.
7:04 of 1st period - Snap shot by Dale Weise.
7:04 of 1st period - Stopped by Marcus Hogberg without a rebound.
7:05 of 1st period - Zac Dalpe wins face-off versus Aleksi Saarela in Chicoutimi Sagueneens zone.
7:11 of 1st period - Zac Dalpe beats up Alex Lintuniemi.
7:11 of 1st period - Penalty to Zac Dalpe for Fighting.
7:11 of 1st period - Penalty to Alex Lintuniemi for Fighting.
7:12 of 1st period - Aleksi Saarela wins face-off versus Dale Weise in Chicoutimi Sagueneens zone.
7:21 of 1st period - Snap shot by Aleksi Saarela.
7:21 of 1st period - Stopped by Ilya Samsonov with a rebound.
7:23 of 1st period - Snap shot by Aleksi Saarela.
7:23 of 1st period - Stopped by Ilya Samsonov with a rebound.
7:25 of 1st period - Snap shot by Garnet Hathaway.
7:25 of 1st period - Stopped by Ilya Samsonov with a rebound.
7:37 of 1st period - Josh Jooris is hit by John Marino and loses puck.
7:48 of 1st period - Wrist shot by T.J. Hensick.
7:48 of 1st period - Stopped by Marcus Hogberg with a rebound.
7:58 of 1st period - Warren Foegele is hit by Jacob de La Rose and loses puck.
8:05 of 1st period - Snap shot by Spencer Foo.
8:05 of 1st period - Deflect By Miikka Salomaki.
8:05 of 1st period - Shot Misses the Net.
8:05 of 1st period - Puck is out of play.
8:06 of 1st period - Aleksi Saarela wins face-off versus Lias Andersson in Philadelphia Phantoms zone.
8:09 of 1st period - Snap shot by Garnet Hathaway.
8:09 of 1st period - Shot Blocked by Chad Ruhwedel.
8:21 of 1st period - Snap shot by Garnet Hathaway.
8:21 of 1st period - Stopped by Ilya Samsonov with a rebound.
8:33 of 1st period - Rocco Grimaldi is hit by Max Veronneau and loses puck.
9:00 of 1st period - Wrist shot by Miikka Salomaki.
9:00 of 1st period - Shot Misses the Net.
9:02 of 1st period - Wrist shot by Jacob de La Rose.
9:02 of 1st period - Shot Misses the Net.
9:04 of 1st period - Wrist shot by Jacob de La Rose.
9:04 of 1st period - Stopped by Ilya Samsonov with a rebound.
9:06 of 1st period - Snap shot by Jacob de La Rose.
9:06 of 1st period - Shot Blocked by Joshua Ho-Sang.
9:36 of 1st period - Tanner Kero is hit by Garnet Hathaway and loses puck.
9:45 of 1st period - Snap shot by Scott Wilson.
9:45 of 1st period - Shot Blocked by Warren Foegele.
10:07 of 1st period - Slapshot by German Rubtsov.
10:07 of 1st period - Shot Misses the Net.
10:20 of 1st period - Minor Penalty to Dale Weise for Hooking.
10:21 of 1st period - Lias Andersson wins face-off versus Garnet Hathaway in Philadelphia Phantoms zone.
10:37 of 1st period - Wrist shot by Aleksi Saarela.
10:37 of 1st period - Shot Misses the Net.
10:53 of 1st period - John Marino is hit by Jacob de La Rose and loses puck.
12:11 of 1st period - Penalty to Zac Dalpe is over, Zac Dalpe is back on ice.
12:20 of 1st period - Penalty to Dale Weise is over, Dale Weise is back on ice.
12:26 of 1st period - Slapshot by Dylan Gambrell.
12:26 of 1st period - Stopped by Ilya Samsonov with a rebound.
12:28 of 1st period - Wrist shot by Dylan Gambrell.
12:28 of 1st period - Deflect By Dennis Cholowski.
12:28 of 1st period - Stopped by Ilya Samsonov with a rebound.
12:30 of 1st period - Slapshot by Jacob Nilsson.
12:30 of 1st period - Stopped by Ilya Samsonov without a rebound.
12:31 of 1st period - Dylan Gambrell wins face-off versus Tanner Kero in Philadelphia Phantoms zone.
12:38 of 1st period - Slapshot by Mike Vecchione.
12:38 of 1st period - Stopped by Ilya Samsonov with a rebound.
12:53 of 1st period - T.J. Hensick is hit by Jonathan Racine and loses puck.
13:21 of 1st period - Backhand shot by German Rubtsov.
13:21 of 1st period - Stopped by Marcus Hogberg with a rebound.
13:23 of 1st period - Snap shot by T.J. Hensick.
13:23 of 1st period - Goal by T.J. Hensick - Chicoutimi Sagueneens : 0 - Philadelphia Phantoms : 1.
13:24 of 1st period - Aleksi Saarela wins face-off versus Zac Dalpe in neutral zone.
13:35 of 1st period - Wrist shot by Aleksi Saarela.
13:35 of 1st period - Shot Blocked by Brendan Perlini.
14:00 of 1st period - Wrist shot by Garnet Hathaway.
14:00 of 1st period - Deflect By Scott Wilson.
14:00 of 1st period - Shot Misses the Net.
14:00 of 1st period - Puck is out of play.
14:01 of 1st period - Lias Andersson wins face-off versus Miikka Salomaki in Philadelphia Phantoms zone.
14:01 of 1st period - Lias Andersson is hit by Jacob de La Rose.
14:11 of 1st period - Snap shot by Lias Andersson.
14:11 of 1st period - Shot Misses the Net.
14:13 of 1st period - Snap shot by Dryden Hunt.
14:13 of 1st period - Stopped by Marcus Hogberg with a rebound.
14:15 of 1st period - Wrist shot by Dryden Hunt.
14:15 of 1st period - Shot Blocked by Miikka Salomaki.
14:17 of 1st period - Wrist shot by Dale Weise.
14:17 of 1st period - Goal by Dale Weise - Chicoutimi Sagueneens : 0 - Philadelphia Phantoms : 2.
14:18 of 1st period - Zac Dalpe wins face-off versus Aleksi Saarela in neutral zone.
14:31 of 1st period - Garnet Hathaway is hit by Brendan Perlini and loses puck.
14:40 of 1st period - Minor Penalty to John Marino for Tripping.
14:41 of 1st period - Lias Andersson wins face-off versus Garnet Hathaway in Philadelphia Phantoms zone.
16:40 of 1st period - Penalty to John Marino is over, John Marino is back on ice.
17:01 of 1st period - Chad Ruhwedel is hit by Josh Jooris.
17:13 of 1st period - Wrist shot by Jacob Nilsson.
17:13 of 1st period - Shot Misses the Net.
17:15 of 1st period - Snap shot by Mike Vecchione.
17:15 of 1st period - Shot Blocked by John Marino.
17:17 of 1st period - Wrist shot by Dylan Gambrell.
17:17 of 1st period - Deflect By Lias Andersson.
17:17 of 1st period - Stopped by Ilya Samsonov without a rebound.
17:18 of 1st period - Dylan Gambrell wins face-off versus Lias Andersson in Philadelphia Phantoms zone.
17:19 of 1st period - Snap shot by Rocco Grimaldi.
17:19 of 1st period - Shot Misses the Net.
17:45 of 1st period - Slapshot by Alex Lintuniemi.
17:45 of 1st period - Shot Misses the Net.
17:47 of 1st period - Slapshot by Alex Lintuniemi.
17:47 of 1st period - Shot Blocked by Juuso Valimaki.
17:49 of 1st period - Slapshot by Alex Lintuniemi.
17:49 of 1st period - Shot Misses the Net.
17:59 of 1st period - Snap shot by Garnet Hathaway.
17:59 of 1st period - Shot Blocked by Juuso Valimaki.
18:09 of 1st period - Snap shot by Scott Wilson.
18:09 of 1st period - Stopped by Ilya Samsonov with a rebound.
18:21 of 1st period - Slapshot by Joshua Ho-Sang.
18:21 of 1st period - Shot Misses the Net.
18:23 of 1st period - Slapshot by Juuso Valimaki.
18:23 of 1st period - Stopped by Marcus Hogberg with a rebound.
18:25 of 1st period - Slapshot by Dakota Mermis.
18:25 of 1st period - Stopped by Marcus Hogberg with a rebound.
18:27 of 1st period - Slapshot by Juuso Valimaki.
18:27 of 1st period - Shot Misses the Net.
18:29 of 1st period - Wrist shot by Warren Foegele.
18:29 of 1st period - Stopped by Marcus Hogberg without a rebound.
18:30 of 1st period - Tanner Kero wins face-off versus Aleksi Saarela in Chicoutimi Sagueneens zone.
18:35 of 1st period - Wrist shot by Tanner Kero.
18:35 of 1st period - Shot Blocked by Jakub Zboril.
18:51 of 1st period - Penalty Shot by Chad Ruhwedel for Philadelphia Phantoms.
18:51 of 1st period - Wrist shot by Chad Ruhwedel.
18:51 of 1st period - Shot Misses the Net.
18:52 of 1st period - Miikka Salomaki wins face-off versus Tanner Kero in Philadelphia Phantoms zone.
19:02 of 1st period - Off-side.
19:03 of 1st period - Aleksi Saarela wins face-off versus German Rubtsov in neutral zone.
19:28 of 1st period - Spencer Foo is hit by John Marino and loses puck.
19:59 of 1st period - Snap shot by Dylan Gambrell.
19:59 of 1st period - Shot Blocked by Jake Bean.
Goals for this period are 0 for Chicoutimi Sagueneens vs 2 for Philadelphia Phantoms.
Shots for this period are 12 for Chicoutimi Sagueneens vs 15 for Philadelphia Phantoms.

2nd period


0:01 of 2nd period - Aleksi Saarela wins face-off versus Brendan Perlini in neutral zone.
0:12 of 2nd period - Snap shot by Aleksi Saarela.
0:12 of 2nd period - Shot Misses the Net.
1:38 of 2nd period - Minor Penalty to Lias Andersson for Hooking.
1:39 of 2nd period - Garnet Hathaway wins face-off versus Joshua Ho-Sang in Philadelphia Phantoms zone.
2:05 of 2nd period - Juuso Valimaki is hit by Alex Lintuniemi and loses puck.
3:16 of 2nd period - Dryden Hunt is hit by Alex Lintuniemi and loses puck.
3:27 of 2nd period - Alex Lintuniemi is hit by T.J. Hensick and loses puck.
3:31 of 2nd period - Icing by Aleksi Saarela.
3:32 of 2nd period - Joshua Ho-Sang wins face-off versus Garnet Hathaway in Chicoutimi Sagueneens zone.
3:38 of 2nd period - Penalty to Lias Andersson is over, Lias Andersson is back on ice.
3:51 of 2nd period - Backhand shot by Brayden Burke.
3:51 of 2nd period - Deflect By Clark Bishop.
3:51 of 2nd period - Stopped by Ilya Samsonov without a rebound.
3:52 of 2nd period - Clark Bishop wins face-off versus Lias Andersson in Philadelphia Phantoms zone.
4:15 of 2nd period - Jakub Zboril is hit by Dennis Cholowski and loses puck.
4:38 of 2nd period - Wrist shot by Miikka Salomaki.
4:38 of 2nd period - Shot Blocked by John Marino.
4:46 of 2nd period - Wrist shot by Miikka Salomaki.
4:46 of 2nd period - Shot Misses the Net.
5:44 of 2nd period - Wrist shot by Miikka Salomaki.
5:44 of 2nd period - Stopped by Ilya Samsonov with a rebound.
6:08 of 2nd period - Snap shot by Rocco Grimaldi.
6:08 of 2nd period - Shot Misses the Net.
6:10 of 2nd period - Slapshot by Mike Vecchione.
6:10 of 2nd period - Goal by Mike Vecchione - Chicoutimi Sagueneens : 1 - Philadelphia Phantoms : 2.
6:11 of 2nd period - Aleksi Saarela wins face-off versus Zac Dalpe in neutral zone.
6:16 of 2nd period - Snap shot by Scott Wilson.
6:16 of 2nd period - Stopped by Ilya Samsonov with a rebound.
6:17 of 2nd period - Libor Hajek beats up Brendan Perlini.
6:17 of 2nd period - Penalty to Brendan Perlini for Fighting.
6:17 of 2nd period - Penalty to Libor Hajek for Fighting.
6:18 of 2nd period - Aleksi Saarela wins face-off versus Zac Dalpe in Philadelphia Phantoms zone.
6:19 of 2nd period - Snap shot by Scott Wilson.
6:19 of 2nd period - Stopped by Ilya Samsonov without a rebound.
6:20 of 2nd period - Aleksi Saarela wins face-off versus Zac Dalpe in Philadelphia Phantoms zone.
6:21 of 2nd period - Snap shot by Garnet Hathaway.
6:21 of 2nd period - Shot Misses the Net.
6:27 of 2nd period - Snap shot by Garnet Hathaway.
6:27 of 2nd period - Stopped by Ilya Samsonov with a rebound.
6:29 of 2nd period - Snap shot by Garnet Hathaway.
6:29 of 2nd period - Shot Blocked by Jake Bean.
6:31 of 2nd period - Slapshot by Alex Lintuniemi.
6:31 of 2nd period - Shot Blocked by Jake Bean.
6:33 of 2nd period - Slapshot by Alex Lintuniemi.
6:33 of 2nd period - Stopped by Ilya Samsonov with a rebound.
6:35 of 2nd period - Slapshot by Jeff Taylor.
6:35 of 2nd period - Shot Misses the Net.
7:29 of 2nd period - Wrist shot by Lias Andersson.
7:29 of 2nd period - Shot Hit the Post.
7:37 of 2nd period - Snap shot by Dryden Hunt.
7:37 of 2nd period - Stopped by Marcus Hogberg with a rebound.
8:03 of 2nd period - Jake Bean is hit by Jeff Taylor and loses puck.
9:03 of 2nd period - Dennis Cholowski is hit by Garnet Hathaway and loses puck.
10:21 of 2nd period - Snap shot by Aleksi Saarela.
10:21 of 2nd period - Stopped by Ilya Samsonov without a rebound.
10:22 of 2nd period - Tanner Kero wins face-off versus Aleksi Saarela in Philadelphia Phantoms zone.
10:44 of 2nd period - Wrist shot by German Rubtsov.
10:44 of 2nd period - Stopped by Marcus Hogberg with a rebound.
11:08 of 2nd period - Snap shot by Lias Andersson.
11:08 of 2nd period - Stopped by Marcus Hogberg with a rebound.
11:35 of 2nd period - T.J. Hensick is hit by Josh Jooris.
11:43 of 2nd period - Icing by Brayden Burke.
11:44 of 2nd period - Tanner Kero wins face-off versus Clark Bishop in Chicoutimi Sagueneens zone.
12:18 of 2nd period - Jonathan Racine is hit by Dryden Hunt and loses puck.
13:15 of 2nd period - Dale Weise is hit by Garnet Hathaway and loses puck.
13:34 of 2nd period - Slapshot by Jacob de La Rose.
13:34 of 2nd period - Shot Misses the Net.
13:36 of 2nd period - Wrist shot by Jacob de La Rose.
13:36 of 2nd period - Stopped by Ilya Samsonov without a rebound.
13:37 of 2nd period - Miikka Salomaki wins face-off versus German Rubtsov in Philadelphia Phantoms zone.
14:09 of 2nd period - Snap shot by German Rubtsov.
14:09 of 2nd period - Shot Blocked by Alex Lintuniemi.
14:11 of 2nd period - Snap shot by German Rubtsov.
14:11 of 2nd period - Shot Misses the Net.
14:19 of 2nd period - Wrist shot by T.J. Hensick.
14:19 of 2nd period - Stopped by Marcus Hogberg with a rebound.
14:21 of 2nd period - Wrist shot by Max Veronneau.
14:21 of 2nd period - Stopped by Marcus Hogberg with a rebound.
14:23 of 2nd period - Snap shot by German Rubtsov.
14:23 of 2nd period - Stopped by Marcus Hogberg with a rebound.
14:25 of 2nd period - Snap shot by German Rubtsov.
14:25 of 2nd period - Deflect By T.J. Hensick.
14:25 of 2nd period - Shot Misses the Net.
14:25 of 2nd period - Puck is out of play.
14:26 of 2nd period - Dylan Gambrell wins face-off versus Zac Dalpe in Chicoutimi Sagueneens zone.
14:32 of 2nd period - Off-side.
14:33 of 2nd period - Dylan Gambrell wins face-off versus Zac Dalpe in neutral zone.
15:00 of 2nd period - Snap shot by Clark Bishop.
15:00 of 2nd period - Shot Misses the Net.
15:20 of 2nd period - John Marino is hit by Jakub Zboril and loses puck.
15:35 of 2nd period - Slapshot by Jacob de La Rose.
15:35 of 2nd period - Stopped by Ilya Samsonov without a rebound.
15:36 of 2nd period - Miikka Salomaki wins face-off versus Zac Dalpe in Philadelphia Phantoms zone.
16:01 of 2nd period - Garnet Hathaway is hit by Brendan Perlini and loses puck.
16:16 of 2nd period - Slapshot by Joshua Ho-Sang.
16:16 of 2nd period - Deflect By Zac Dalpe.
16:16 of 2nd period - Stopped by Marcus Hogberg with a rebound.
16:22 of 2nd period - Wrist shot by Joshua Ho-Sang.
16:22 of 2nd period - Shot Misses the Net.
16:24 of 2nd period - Snap shot by Joshua Ho-Sang.
16:24 of 2nd period - Goal by Joshua Ho-Sang - Chicoutimi Sagueneens : 1 - Philadelphia Phantoms : 3.
16:25 of 2nd period - Miikka Salomaki wins face-off versus Tanner Kero in neutral zone.
16:40 of 2nd period - Dale Weise is hit by Jacob de La Rose and loses puck.
16:51 of 2nd period - Chad Ruhwedel is hit by Scott Wilson and loses puck.
17:53 of 2nd period - Wrist shot by Tanner Kero.
17:53 of 2nd period - Shot Blocked by Jakub Zboril.
18:01 of 2nd period - German Rubtsov is hit by Josh Jooris.
18:10 of 2nd period - Snap shot by T.J. Hensick.
18:10 of 2nd period - Stopped by Marcus Hogberg with a rebound.
18:22 of 2nd period - Slapshot by Jeff Taylor.
18:22 of 2nd period - Shot Misses the Net.
18:24 of 2nd period - Slapshot by Jeff Taylor.
18:24 of 2nd period - Stopped by Ilya Samsonov with a rebound.
18:34 of 2nd period - Snap shot by Garnet Hathaway.
18:34 of 2nd period - Shot Misses the Net.
18:44 of 2nd period - Wrist shot by Dale Weise.
18:44 of 2nd period - Deflect By Tanner Kero.
18:44 of 2nd period - Shot Misses the Net.
18:44 of 2nd period - Puck is out of play.
18:45 of 2nd period - Zac Dalpe wins face-off versus Miikka Salomaki in Chicoutimi Sagueneens zone.
18:56 of 2nd period - Snap shot by Joshua Ho-Sang.
18:56 of 2nd period - Shot Blocked by Jonathan Racine.
19:10 of 2nd period - Jeff Taylor is hit by Jake Bean and loses puck.
19:26 of 2nd period - German Rubtsov is hit by Scott Wilson and loses puck.
19:34 of 2nd period - Icing by Dennis Cholowski.
19:35 of 2nd period - Dylan Gambrell wins face-off versus German Rubtsov in Philadelphia Phantoms zone.
19:51 of 2nd period - Off-side.
19:52 of 2nd period - Zac Dalpe wins face-off versus Aleksi Saarela in neutral zone.
19:59 of 2nd period - Snap shot by Brendan Perlini.
19:59 of 2nd period - Shot Misses the Net.
Goals for this period are 1 for Chicoutimi Sagueneens vs 1 for Philadelphia Phantoms.
Shots for this period are 11 for Chicoutimi Sagueneens vs 9 for Philadelphia Phantoms.

3rd period


0:01 of 3rd period - Zac Dalpe wins face-off versus Aleksi Saarela in neutral zone.
0:30 of 3rd period - Wrist shot by Spencer Foo.
0:30 of 3rd period - Shot Misses the Net.
0:57 of 3rd period - Off-side.
0:58 of 3rd period - Zac Dalpe wins face-off versus Garnet Hathaway in neutral zone.
1:00 of 3rd period - Jake Bean is hit by Jakub Zboril and loses puck.
1:11 of 3rd period - Backhand shot by Joshua Ho-Sang.
1:11 of 3rd period - Stopped by Marcus Hogberg with a rebound.
1:13 of 3rd period - Snap shot by Dennis Cholowski.
1:13 of 3rd period - Shot Misses the Net.
1:27 of 3rd period - Off-side.
1:28 of 3rd period - German Rubtsov wins face-off versus Jacob de La Rose in neutral zone.
1:31 of 3rd period - Snap shot by Max Veronneau.
1:31 of 3rd period - Stopped by Marcus Hogberg with a rebound.
3:27 of 3rd period - Snap shot by Dryden Hunt.
3:27 of 3rd period - Stopped by Marcus Hogberg without a rebound.
3:28 of 3rd period - Dylan Gambrell wins face-off versus Lias Andersson in Chicoutimi Sagueneens zone.
3:33 of 3rd period - Slapshot by Jeff Taylor.
3:33 of 3rd period - Shot Misses the Net.
3:35 of 3rd period - Slapshot by Jonathan Racine.
3:35 of 3rd period - Shot Blocked by Juuso Valimaki.
3:37 of 3rd period - Wrist shot by Dylan Gambrell.
3:37 of 3rd period - Shot Misses the Net.
3:39 of 3rd period - Wrist shot by Mike Vecchione.
3:39 of 3rd period - Deflect By Rocco Grimaldi.
3:39 of 3rd period - Stopped by Ilya Samsonov with a rebound.
3:41 of 3rd period - Wrist shot by Mike Vecchione.
3:41 of 3rd period - Shot Misses the Net.
3:43 of 3rd period - Slapshot by Jonathan Racine.
3:43 of 3rd period - Shot Hit the Post.
4:25 of 3rd period - Off-side.
4:26 of 3rd period - Zac Dalpe wins face-off versus Dylan Gambrell in neutral zone.
4:39 of 3rd period - Wrist shot by Mike Vecchione.
4:39 of 3rd period - Stopped by Ilya Samsonov with a rebound.
4:52 of 3rd period - Icing by Jonathan Racine.
4:53 of 3rd period - Scott Wilson wins face-off versus Tanner Kero in Chicoutimi Sagueneens zone.
5:24 of 3rd period - Snap shot by Jacob de La Rose.
5:24 of 3rd period - Shot Blocked by Chad Ruhwedel.
5:26 of 3rd period - Wrist shot by Jacob de La Rose.
5:26 of 3rd period - Shot Blocked by German Rubtsov.
5:28 of 3rd period - Wrist shot by Jacob de La Rose.
5:28 of 3rd period - Stopped by Ilya Samsonov without a rebound.
5:29 of 3rd period - Zac Dalpe wins face-off versus Aleksi Saarela in Philadelphia Phantoms zone.
5:36 of 3rd period - Slapshot by Brendan Perlini.
5:36 of 3rd period - Stopped by Marcus Hogberg with a rebound.
6:01 of 3rd period - Wrist shot by Warren Foegele.
6:01 of 3rd period - Shot Blocked by Libor Hajek.
7:26 of 3rd period - Snap shot by Rocco Grimaldi.
7:26 of 3rd period - Shot Misses the Net.
8:39 of 3rd period - Slapshot by Juuso Valimaki.
8:39 of 3rd period - Stopped by Marcus Hogberg without a rebound.
8:40 of 3rd period - Dylan Gambrell wins face-off versus Zac Dalpe in Chicoutimi Sagueneens zone.
8:45 of 3rd period - Snap shot by Joshua Ho-Sang.
8:45 of 3rd period - Stopped by Marcus Hogberg without a rebound.
8:46 of 3rd period - Garnet Hathaway wins face-off versus Tanner Kero in Chicoutimi Sagueneens zone.
9:58 of 3rd period - Snap shot by Garnet Hathaway.
9:58 of 3rd period - Stopped by Ilya Samsonov without a rebound.
9:59 of 3rd period - Tanner Kero wins face-off versus Aleksi Saarela in Philadelphia Phantoms zone.
10:22 of 3rd period - T.J. Hensick is hit by Miikka Salomaki and loses puck.
10:31 of 3rd period - Snap shot by Jacob de La Rose.
10:31 of 3rd period - Stopped by Ilya Samsonov without a rebound.
10:32 of 3rd period - Tanner Kero wins face-off versus Aleksi Saarela in Philadelphia Phantoms zone.
10:32 of 3rd period - Tanner Kero is hit by Scott Wilson.
11:09 of 3rd period - Snap shot by Dylan Gambrell.
11:09 of 3rd period - Goal by Dylan Gambrell - Chicoutimi Sagueneens : 2 - Philadelphia Phantoms : 3.
11:10 of 3rd period - Aleksi Saarela wins face-off versus Brendan Perlini in neutral zone.
11:13 of 3rd period - Snap shot by Garnet Hathaway.
11:13 of 3rd period - Shot Misses the Net.
11:37 of 3rd period - Alex Lintuniemi is hit by John Marino and loses puck.
11:46 of 3rd period - Snap shot by Libor Hajek.
11:46 of 3rd period - Shot Blocked by Chad Ruhwedel.
12:02 of 3rd period - Snap shot by T.J. Hensick.
12:02 of 3rd period - Stopped by Marcus Hogberg without a rebound.
12:03 of 3rd period - T.J. Hensick wins face-off versus Aleksi Saarela in Chicoutimi Sagueneens zone.
12:04 of 3rd period - Wrist shot by German Rubtsov.
12:04 of 3rd period - Stopped by Marcus Hogberg with a rebound.
12:14 of 3rd period - Wrist shot by Max Veronneau.
12:14 of 3rd period - Shot Misses the Net.
12:25 of 3rd period - Icing by Libor Hajek.
12:26 of 3rd period - Zac Dalpe wins face-off versus Garnet Hathaway in Chicoutimi Sagueneens zone.
12:34 of 3rd period - Minor Penalty to Scott Wilson for Roughing.
12:35 of 3rd period - Zac Dalpe wins face-off versus Garnet Hathaway in Chicoutimi Sagueneens zone.
13:11 of 3rd period - Off-side.
13:12 of 3rd period - Zac Dalpe wins face-off versus Garnet Hathaway in neutral zone.
13:42 of 3rd period - Jakub Zboril is hit by Warren Foegele and loses puck.
14:23 of 3rd period - Clark Bishop is hit by Tanner Kero and loses puck.
14:34 of 3rd period - Penalty to Scott Wilson is over, Scott Wilson is back on ice.
17:14 of 3rd period - Libor Hajek is hit by Jake Bean.
17:24 of 3rd period - Garnet Hathaway is hit by Dryden Hunt.
18:54 of 3rd period - Slapshot by Libor Hajek.
18:54 of 3rd period - Deflect By Chad Ruhwedel.
18:54 of 3rd period - Stopped by Ilya Samsonov with a rebound.
18:58 of 3rd period - Snap shot by Scott Wilson.
18:58 of 3rd period - Stopped by Ilya Samsonov with a rebound.
19:00 of 3rd period - Chicoutimi Sagueneens, Marcus Hogberg is pulled from the net.
19:00 of 3rd period - Snap shot by Libor Hajek.
19:00 of 3rd period - Stopped by Ilya Samsonov without a rebound.
19:01 of 3rd period - Alain Nasreddine call a timeout for Chicoutimi Sagueneens.
19:01 of 3rd period - German Rubtsov wins face-off versus Dylan Gambrell in Philadelphia Phantoms zone.
19:15 of 3rd period - Snap shot by Dylan Gambrell.
19:15 of 3rd period - Shot Misses the Net.
19:17 of 3rd period - Snap shot by Scott Wilson.
19:17 of 3rd period - Stopped by Ilya Samsonov without a rebound.
19:18 of 3rd period - German Rubtsov wins face-off versus Dylan Gambrell in Philadelphia Phantoms zone.
19:43 of 3rd period - Wrist shot by Scott Wilson.
19:43 of 3rd period - Shot Misses the Net.
19:45 of 3rd period - Wrist shot by Alex Lintuniemi.
19:45 of 3rd period - Shot Misses the Net.
19:47 of 3rd period - Snap shot by Dylan Gambrell.
19:47 of 3rd period - Stopped by Ilya Samsonov without a rebound.
19:48 of 3rd period - German Rubtsov wins face-off versus Dylan Gambrell in Philadelphia Phantoms zone.
Goals for this period are 1 for Chicoutimi Sagueneens vs 0 for Philadelphia Phantoms.
Shots for this period are 11 for Chicoutimi Sagueneens vs 8 for Philadelphia Phantoms.